 Dungeon Crawl Stone Soup version 0.27-a0-1256-gced786f65e (webtiles) character file.

Game seed: 11143069021604671106

99 pokeman the Magician (level 4, 0/25 HPs)
             Began as a Deep Elf Hedge Wizard on June 11, 2021.
             Succumbed to a goblin's poison
             ... on level 3 of the Dungeon.
             The game lasted 00:04:57 (3080 turns).

pokeman the Magician (Deep Elf Hedge Wizard)        Turns: 3080, Time: 00:04:58

Health: 0/25       AC:  3    Str:  7    XL:     4   Next: 45%
Magic:  2/13       EV: 12    Int: 20    God:
Gold:   85         SH:  0    Dex: 14    Spells: 3/14 levels left

rFire    . . .     SeeInvis .   a - +0 dagger
rCold    . . .     Faith    .   (no shield)
rNeg     . . .     Spirit   .   d - +0 leather armour
rPois    .         Reflect  .   c - +0 hat
rElec    .         Harm     .   (no cloak)
rCorr    .         Rampage  .   (no gloves)
Will     .....                  (no boots)
Stlth    ++........             (no amulet)
HPRegen  0.08/turn              (no ring)
MPRegen  0.13/turn              (no ring)

@: lethally poisoned (0 -> -13), hasted, very quick
A: no striking features
a: no special abilities


You were on level 3 of the Dungeon.
You visited 1 branch of the dungeon, and saw 3 of its levels.

You collected 85 gold pieces.

Inventory:

Hand Weapons
 a - a +0 dagger (weapon)
Missiles
 f - 19 arrows
 j - 56 bolts
Armour
 c - a +0 hat (worn)
 d - a +0 leather armour (worn)
Scrolls
 e - 4 scrolls of teleportation {unknown}
 g - a scroll of holy word {unknown}
 h - a scroll of identify {unknown}
 l - a scroll of acquirement {unknown}
Potions
 b - a potion of haste
 i - a potion of heal wounds {unknown}
 k - a potion of mutation {unknown}


   Skills:
 - Level 1.0 Fighting
 - Level 1.0 Armour
 + Level 2.7 Dodging
 - Level 2.4 Stealth
 * Level 5.7 Spellcasting
 + Level 2.2 Conjurations
 - Level 1.1 Summonings
 - Level 1.1 Translocations
 + Level 0.8 Fire Magic


You had 3 spell levels left.
You knew the following spells:

 Your Spells              Type           Power      Damage    Failure   Level
a - Magic Dart            Conj           56%        1d5       6%          1
b - Mephitic Cloud        Conj/Pois/Air  8%         N/A       34%         3
c - Call Imp              Summ           10%        N/A       16%         2
d - Blink                 Tloc           N/A        N/A       16%         2
e - Conjure Flame         Conj/Fire      11%        6-21      26%         3

Your spell library contained the following spells:

 Spells                   Type           Power      Damage    Failure   Level
 Slow                     Hex            5%         N/A       24%         2


Dungeon Overview and Level Annotations

Branches:
Dungeon (3/15)

Altars:
Xom

Annotations:
D:3 Robin


Message History

You hit Robin.
Robin is lightly wounded.
Robin says, "Kneel, worm!"
Robin closely misses you.
You completely miss Robin.
Robin is lightly wounded.
Robin roars a battlecry!
The hobgoblin goes into a battle-frenzy!
A goblin comes into view. It is wielding a +0 dagger of venom.
The goblin shouts!
The hobgoblin shouts!
Your magical contamination has completely faded away.
You hit Robin but do no damage.
Robin is lightly wounded.
You hear a shout!
Robin roars a battlecry!
The goblin goes into a battle-frenzy!
Unknown command.
You barely miss Robin.
Robin is lightly wounded.
Robin closely misses you.
Unknown command.
You hit Robin but do no damage.
Robin is lightly wounded.
Robin hits you with a +0 dagger!
Unknown command.
You hit Robin but do no damage.
Robin is lightly wounded.
Robin throws the goblin at you!
The goblin hits you with a +0 dagger of venom.
You are lethally poisoned!
Unknown command.
* * * LOW HITPOINT WARNING * * *
You feel very sick. The goblin hits you but does no damage.
You are more poisoned.
* * * LOW HITPOINT WARNING * * *
You feel very sick. Robin throws the goblin at you!
The goblin barely misses you.
It was a potion of haste.
You feel yourself speed up.
You die...

#..###.# ##g..## ##+#
#.....# ##.<.##
##g..## # ##.....##
#...##.# ##.......##
#......#
#.........####...#####
+......g..gg)........#
#.......@.###....###.#
#.......## #.#..#
##.....## #.##.#
##...## #.. ...
###+#.## ### ##.#
##.<..#.## <#
.#######....###.## #
...........## ##.#
########....###.##


You could see Robin, a hobgoblin (strong) and a goblin (strong).

Vanquished Creatures
  4 adders (D:2)
  A gnoll (D:1)
  3 worms (D:2)
  A dart slug (D:1)
  4 bats
  An endoplasm (D:1)
  A giant cockroach (D:1)
  10 goblins
  5 hobgoblins
  3 jackals (D:1)
  2 ball pythons
  A frilled lizard (D:2)
  3 kobolds
  4 rats
43 creatures vanquished.

Notes
Turn   | Place    | Note
-------+----------+-------------------------------------------
     0 | D:1      | pokeman the Deep Elf Hedge Wizard began the quest for the
                  | Orb.
     0 | D:1      | Reached XP level 1. HP: 10/10 MP: 7/7
   405 | D:1      | Reached XP level 2. HP: 16/16 MP: 7/9
   978 | D:1      | Reached skill level 5 in Spellcasting
  1383 | D:1      | Reached XP level 3. HP: 17/20 MP: 5/11
  1387 | D:1      | Learned a level 3 spell: Mephitic Cloud
  1390 | D:1      | Learned a level 2 spell: Call Imp
  1393 | D:1      | Learned a level 2 spell: Blink
  1397 | D:1      | Learned a level 3 spell: Conjure Flame
  1667 | D:2      | Found a shimmering altar of Xom.
  1770 | D:2      | Reached skill level 1 in Armour
  1900 | D:2      | Reached skill level 1 in Fighting
  2038 | D:2      | Found a faded altar of an unknown god.
  2100 | D:2      | Reached XP level 4. HP: 22/25 MP: 7/13
  3031 | D:3      | Noticed Robin
  3080 | D:3      | Succumbed to a goblin's poison

Illustrated notes

Levels and vault maps discovered:
D:1:      dpeg_arrival_solitude, layout_basic
D:2:      layout_basic, hellmonk_ecumenical_altar_pennies_from_heaven,
          basic_altar, kennysheep_generic_room_12
D:3:      layout_loops_corners, nicolae_uskayaw_dance_hall,
          ebering_ghost_sewer_d, uniq_terence, uniq_robin

Skill      XL: |  1  2  3 |
---------------+----------+-----
Spellcasting   | 5 |  5.7
Armour         | 1 |  1.0
Fighting       | 1 |  1.0
Conjurations   | 2 |  2.2
Dodging        | |  2.7
Stealth        | |  2.4
Summonings     | |  1.1
Translocations | |  1.1
Fire Magic     | |  0.8

Action                   |  1- 3 |  4- 6 || total
-------------------------+-------+-------++-------
Melee: Dagger            |    11 |    25 ||    36
 Cast: Magic Dart        |    97 |    44 ||   141
  Use: Potion            |       |     1 ||     1
Armor: Leather armour    |     8 |     3 ||    11
Dodge: Dodged            |    29 |    26 ||    55

Table legend: (Time is in decaauts)
 A = Elapsed time spent in this place.
 B = Non-inter-level travel time spent in this place.
 C = Inter-level travel time spent in this place.
 D = Time resting spent in this place.
 E = Time spent auto-exploring this place.
 F = Levels seen in this place.
 G = Mean time per level.
                   A        B        C        D        E       F      G
               +--------+--------+--------+--------+--------+-----+--------+
         Total |   3082 |   3033 |     49 |    214 |   2373 |   3 | 1027.3 |
       Dungeon |   3082 |   3033 |     49 |    214 |   2373 |   3 | 1027.3 |
               +--------+--------+--------+--------+--------+-----+--------+

Top non-repeatable levels by time:
     D:1: 1573 daAuts
     D:2: 1408 daAuts
     D:3: 100 daAuts
